 Dungeon Crawl Stone Soup version 0.19-a0-791-g6e182cc (webtiles) character file.

2 Laraso the Firebug (level 1, 0/10 HPs)
             Began as a Kobold Fire Elementalist on June 27, 2016.
             Slain by a hobgoblin (2 damage)
             ... on level 1 of the Dungeon.
             The game lasted 00:00:57 (243 turns).

Laraso the Firebug (Kobold Fire Elementalist)        Turns: 243, Time: 00:00:58

Health: 0/10       AC:  2    Str:  6    XL:     1   Next: 44%
Magic:  0/3        EV: 15    Int: 13    God:
Gold:   0          SH:  0    Dex: 16    Spells: 1 memorised, 3 levels left

rFire  . . .     SeeInvis .     f - +0 dagger
rCold  . . .     Gourm    .     a - +0 robe
rNeg   . . .     Faith    .     (shield restricted)
rPois  .         Spirit   .     (no helmet)
rElec  .         Dismiss  .     (no cloak)
rCorr  .         Reflect  .     (no gloves)
SustAt .         Harm     .     (no boots)
MR     .....                    (no amulet)
Stlth  ++........               (no ring)
                                (no ring)

@: not resistant to hostile enchantments, unstealthy
A: carnivore 3
a: no special abilities


You were on level 1 of the Dungeon.
You were not hungry.

You visited 1 branch of the dungeon, and saw 1 of its levels.

Inventory:

Hand Weapons
 f - a +0 dagger (weapon)
Armour
 a - a +0 robe (worn)
Scrolls
 e - a scroll of identify {unknown}
 g - a scroll of teleportation {unknown}
Potions
 d - a potion of resistance {unknown}
Books
 b - a book of Flames

   Spells                             Type                      Level
   a - Flame Tongue                   Conjuration/Fire             1
   b - Throw Flame                    Conjuration/Fire             2
   c - Conjure Flame                  Conjuration/Fire             3
   d - Inner Flame                    Hexes/Fire                   3
   e - Sticky Flame                   Conjuration/Fire             4
   f - Fireball                       Conjuration/Fire             5
Comestibles
 c - a meat ration


   Skills:
 - Level 2.4 Dodging
 - Level 2.6 Stealth
 - Level 2.0 Spellcasting
 * Level 1.2 Conjurations
 - Level 3.0 Fire Magic


You had 3 spell levels left.
You knew the following spells:

 Your Spells              Type           Power        Failure   Level  Hunger
a - Flame Tongue          Conj/Fire      #....        12%         1    ##.....


Dungeon Overview and Level Annotations

Branches:
Dungeon (1/15)

Altars:


Innate Abilities, Weirdness & Mutations

You are small and have problems with some larger weapons.
You are carnivorous and can eat meat at any time.


Message History

t - Shout!
Orders for allies: a - Attack new target. r - Retreat! s - Stop attacking. w - Wait here. f - Follow me.
Anything else - Stay silent.
You shout for attention!
The hobgoblin shouts!
You hear a shout!
Unknown command.
A rat and a goblin come into view.
You can't see any susceptible monsters within range! (Use Z to cast anyway.)
Aim: a rat The flame tongue hits the rat.
You now have 2/3 mp.
Unknown command.
You hit the rat.
You kill the rat!
MP restored: 3
Aim: a hobgoblin The flame tongue misses the hobgoblin.
You now have 2/3 mp.
Unknown command.
Aim: a hobgoblin The flame tongue misses the hobgoblin.
The hobgoblin barely misses you.
You now have 1/3 mp.
Unknown command.
Aim: a hobgoblin The flame tongue hits the hobgoblin.
The hobgoblin completely misses you.
You now have 0/3 mp.
Unknown command.
A ball python comes into view.
Aim: a hobgoblin The flame tongue hits the hobgoblin.
The ball python hisses angrily.
The hobgoblin hits you but does no damage.
You now have 0/3 mp.
Unknown command.
You hit the hobgoblin but do no damage. The hobgoblin hits you.
* * * LOW HITPOINT WARNING * * *
You take 4 damage, and have 6/10 hp.
MASSIVE DAMAGE!!
The ball python closely misses you. The ball python barely misses you.
The hobgoblin misses you.
You can't see any susceptible monsters within range! (Use Z to cast anyway.) Unknown command.
Aim: a hobgoblin (heavily wounded)
The flame tongue hits the hobgoblin.
You now have 0/3 mp.
Unknown command.
You hit the hobgoblin but do no damage. The hobgoblin hits you.
* * * LOW HITPOINT WARNING * * *
You take 1 damage, and have 6/10 hp.
Unknown command.
You hit the hobgoblin but do no damage. The hobgoblin hits you.
* * * LOW HITPOINT WARNING * * *
The ball python bites you.
* * * LOW HITPOINT WARNING * * *
The ball python completely misses you.
You take 4 damage, and have 2/10 hp.
MASSIVE DAMAGE!!
The hobgoblin hits you.
You die...

. . .## ...# ######## ..#
#.#...#......####.##########
#.#.#.........##...........######
....................###.........#
.##............#....###.#......##
...#......>....##.##..#.##......#
##.............##.##............#
#####..........g@.......##...#..#
..............#S.........#..###.#
#......(....................##..#
#....................)##........#
##.##.................#....≈...##
#..##...................≈...≈..##
#.###...............#...≈≈.≈....#
#. ...........#.....#..≈≈.≈.≈≈..#
...####......##.....#.(≈..≈.≈≈≈.#


You could see a hobgoblin and a ball python.

Vanquished Creatures
  A ball python (D:1)
  2 kobolds (D:1)
  A rat (D:1)
4 creatures vanquished.

Notes
Turn   | Place    | Note
--------------------------------------------------------------
     0 | D:1      | Laraso the Kobold Fire Elementalist began the quest for the Orb.
     0 | D:1      | Reached XP level 1. HP: 10/10 MP: 3/3
    54 | D:1      | Reached skill level 1 in Conjurations
   242 | D:1      | HP: 3/10 [hobgoblin (3)]
   243 | D:1      | Slain by a hobgoblin

Vault maps used:
D:1:      dpeg_arrival_more_subterranean_lakeside_camping,
          evilmike_ruin_ashenzari

Skill      XL: |  1 |
---------------+----+-----
Conjurations   | 1 |  1.2
Dodging        | |  2.4
Stealth        | |  2.6
Spellcasting   | |  2.0
Fire Magic     | |  3.0

Action                   || total
-------------------------++-------
Melee: Dagger            ||     4
 Cast: Flame Tongue      ||    10
Armor: Robe              ||     2
Dodge: Dodged            ||     7

Table legend:
 A = Kills in this place as a percentage of kills in entire the game.
 B = Kills by you in this place as a percentage of kills by you in the entire game.
 C = Kills by friends in this place as a percentage of kills by friends in the entire game.
 D = Other kills in this place as a percentage of other kills in the entire game.
 E = Experience gained in this place as a percentage of experience gained in the entire game.
 F = Experience gained in this place divided by the number of levels of this place that you have seen.
                   A       B       C       D       E      F
               +-------+-------+-------+-------+-------+----------------------
         Total | 100.0 | 100.0 |  -nan |  -nan | 100.0 |   4.0
       Dungeon | 100.0 | 100.0 |  -nan |  -nan | 100.0 |   4.0
               +-------+-------+-------+-------+-------+----------------------

Table legend:
 A = Turns spent in this place as a percentage of turns spent in the entire game.
 B = Non-inter-level travel turns spent in this place as a percentage of non-inter-level travel turns spent in the entire game.
 C = Inter-level travel turns spent in this place as a percentage of turns spent in this place.
 D = Turns resting spent in this place as a percentage of non-inter-level travel turns spent in this place.
 E = Turns spent auto-exploring this place as a percentage of non-inter-level travel turns spent in this place.
 F = Non-inter-level travel turns spent in this place divided by the number of levels of this place that you've seen.
                   A       B       C       D       E      F
               +-------+-------+-------+-------+-------+----------------------
         Total | 100.0 | 100.0 |   0.0 |   6.2 |   4.3 | 162.0
       Dungeon | 100.0 | 100.0 |   0.0 |   6.2 |   4.3 | 162.0
               +-------+-------+-------+-------+-------+----------------------

Vault maps used:
D:1:      dpeg_arrival_more_subterranean_lakeside_camping,
          evilmike_ruin_ashenzari
